 Dungeon Crawl Stone Soup version 0.21.1-1-g345015f (webtiles) character file.

3671 kae the Chopper (level 9, -8/75 HPs)
             Began as a Green Draconian Transmuter on May 4, 2018.
             Was an Initiate of Qazlal.
             Mangled by a death yak (20 damage)
             ... on level 8 of the Dungeon.
             The game lasted 00:16:19 (11289 turns).

kae the Chopper (Green Draconian Transmuter)       Turns: 11289, Time: 00:16:20

Health: -8/75      AC:  2    Str: 13    XL:     9   Next: 89%
Magic:  11/14      EV: 18    Int: 14    God:    Qazlal [......]
Gold:   420        SH:  0    Dex: 19    Spells: 9/15 levels left

rFire    . . .     SeeInvis .     - Unarmed
rCold    . . .     Gourm    .   (shield currently unavailable)
rNeg     . . .     Faith    .   (armour unavailable)
rPois    x         Spirit   .   (helmet currently unavailable)
rElec    .         Reflect  .   (cloak currently unavailable)
rCorr    .         Harm     .   (gloves currently unavailable)
MR       .....                  (boots currently unavailable)
Stlth    ++........             (no amulet)
HPRegen  0.22/turn              (no ring)
MPRegen  0.14/turn              (no ring)

@: short of breath, spider-form, drained
A: tiny, (breathe noxious fumes), unfitting armour, AC +7
a: End Transformation, Renounce Religion


You were on level 8 of the Dungeon.
You worshipped Qazlal.
Qazlal was noncommittal.
You were not hungry.
You were a venomous arachnid creature.
You visited 2 branches of the dungeon, and saw 9 of its levels.

You collected 420 gold pieces.

Inventory:

Hand Weapons
 d - a +2 hand axe of draining
 p - the cursed +1 hand axe of Anxiety (melded) {venom, SInv}
   (You took it off a gnoll on level 6 of the Dungeon)

   It poisons the flesh of those it strikes.
   It lets you see invisible.
   It has a curse placed upon it.
Missiles
 a - 209 arrows
Armour
 v - a +0 cloak (melded)
Jewellery
 r - a +5 ring of strength {unknown}
 s - an uncursed ring of fire {unknown}
Wands
 h - a wand of iceblast (5)
 t - a wand of digging (26)
Scrolls
 e - a scroll of teleportation
 f - 6 scrolls of identify
 g - 6 scrolls of remove curse
 l - a scroll of enchant armour
 x - a scroll of fog
Potions
 i - 2 potions of might
 j - 2 potions of berserk rage
 k - 3 potions of haste
 m - a potion of flight {unknown}
 n - 3 potions of ambrosia
 o - 2 potions of resistance
 q - a potion of heal wounds
 u - a potion of degeneration {unknown}
 w - a potion of cancellation {unknown}
 z - a potion of lignification {unknown}
Books
 b - a book of Changes

   Spells                             Type                      Level
   a - Beastly Appendage              Transmutation                1
   b - Sticks to Snakes               Transmutation                2
   c - Spider Form                    Transmutation/Poison         3
   d - Ice Form                       Ice/Transmutation            4
   e - Blade Hands                    Transmutation                5
Comestibles
 c - 14 rations


   Skills:
 + Level 6.2(5.5) Fighting
 - Level 7.3(6.6) Axes
 - Level 1.7(1.1) Dodging
 - Level 3.5(2.8) Stealth
 + Level 7.0(6.2) Unarmed Combat
 + Level 3.7(3.0) Spellcasting
 + Level 5.8(5.1) Transmutations
 - Level 1.2(0.6) Poison Magic
 * Level 3.9(3.2) Invocations


You had 9 spell levels left.
You knew the following spells:

 Your Spells              Type           Power        Failure   Level  Hunger
a - Beastly Appendage     Tmut           ###...       10%         1    #......
b - Sticks to Snakes      Tmut           ###.....     12%         2    ##.....
c - Spider Form           Tmut/Pois      ##........   38%         3    ###....


Dungeon Overview and Level Annotations

Branches:
Dungeon (8/15)             Temple (1/1) D:7            Lair (0/6) D:8

Altars:
Ashenzari
Cheibriados
Dithmenos
Elyvilon
Fedhas
Gozag
Hepliaklqana
Kikubaaqudgha
Makhleb
Nemelex Xobeh
Okawaru
Qazlal
Ru
Sif Muna
Trog
Uskayaw
Vehumet
Wu Jian
Xom
Yredelemnul
Zin

Shops:
D:8 :

Annotations:
D:5 2 transporters


Innate Abilities, Weirdness & Mutations

((You can breathe blasts of noxious fumes.))
((Your lurid green scales are hard. (AC +7)))
You cannot fit into any form of body armour.
((Your system is resistant to poisons. (rPois)))
((You are cold-blooded and may be slowed by cold attacks.))


Message History

You hit the death yak.
The death yak looks as sick as possible!
You tail-slap the death yak, but do no damage.
The death yak is heavily wounded.
The death yak misses you.
You don't have the energy to cast that spell.
You don't have the energy to cast that spell.
You eat one of the 15 rations.
That ration really hit the spot!
The death yak gores you!
Unknown command.
Casting: Spider Form
Confirm with . or Enter, or press ? or * to list all spells.
You turn into a venomous arachnid creature.
The cursed +1 hand axe of Anxiety {venom, SInv} melds into your body.
Your +0 cloak melds into your body.
The cursed +1 hand axe of Anxiety {venom, SInv} stops dripping with poison.
The death yak gores you!!
* * * LOW HITPOINT WARNING * * *
The death yak gores you!!
You die...

*,*,*#.##...........##.....###***
*,*,*,.#.....Y∩..............#
,,**,....#(..................#
,,***###.#......†........#..##
*,,*#,*#.#........#...#.#...##
*#.##.##.....###.............##
#..>........###..o.......#...#
*..####....###...#..###..#..####
##,,*##...#.##..s##..#_'..#..†...
...*##...##....Y###..###..#.#†.##
....#.....#.....#*#......####.##
........#.....##.##.#.....#####
.......##....##*##..#.....#...##
#...####.....# *#............†##
####* ##....#* *.##.######.....#
####..#****##* ###.... ##..#*
###..


You could see a death yak and an orc.

Vanquished Creatures
  Pikel (D:7)
  Sigmund (D:5)
  Edmund (D:3)
  Duvessa (D:7)
  A porcupine (D:8)
  4 sky beasts
  An orc warrior (D:7)
  2 ice beasts
  3 slaves (D:7)
  An ogre (D:5)
  3 centaurs
  A necrophage (D:5)
  6 bullfrogs
  Dowan (D:7)
  3 killer bees (D:7)
  4 scorpions
  A howler monkey (D:5)
  4 crimson imps
  2 centaur zombies (D:6)
  A hound (D:4)
  2 bullfrog skeletons
  A jelly (D:6)
  A gnoll shaman (D:6)
  2 hell rats (D:8)
  An orc wizard (D:6)
  4 worker ants
  A killer bee zombie (D:8)
  A hound skeleton (D:5)
  14 gnolls
  9 adders
  2 river rats (D:8)
  A shadow imp (D:5)
  4 oozes
  3 adder skeletons
  4 worms
  2 dart slugs
  4 leopard geckos
  21 orcs
  5 giant cockroaches
  9 goblins
  6 hobgoblins
  9 jackals
  8 quokkas
  A ball python (D:3)
  5 bats
  3 frilled lizards
  6 kobolds
  2 leopard gecko skeletons (D:5)
  4 rats
177 creatures vanquished.

Notes
Turn   | Place    | Note
-------+----------+-------------------------------------------
     0 | D:1      | kae the Draconian Transmuter began the quest for the Orb.
     0 | D:1      | Reached XP level 1. HP: 16/16 MP: 3/3
   112 | D:1      | Reached XP level 2. HP: 13/23 MP: 3/5
   946 | D:1      | Reached XP level 3. HP: 28/28 MP: 6/6
  1890 | D:2      | Found a sacrificial altar of Ru.
  2100 | D:2      | Found a shattered altar of Ashenzari.
  2231 | D:3      | Found a faded altar of an unknown god.
  2391 | D:3      | Found a snail-covered altar of Cheibriados.
  2426 | D:3      | Reached skill level 1 in Axes
  2426 | D:3      | Reached XP level 4. HP: 34/35 MP: 7/7
  2983 | D:3      | Reached skill level 1 in Stealth
  3117 | D:3      | Reached XP level 5. HP: 39/41 MP: 8/8
  3548 | D:4      | Noticed Edmund
  3800 | D:3      | Killed Edmund
  3800 | D:3      | Reached XP level 6. HP: 32/48 MP: 9/9
  4460 | D:3      | Learned a level 2 spell: Sticks to Snakes
  4464 | D:3      | Learned a level 3 spell: Spider Form
  4699 | D:4      | Found a glowing silver altar of Zin.
  4700 | D:4      | Found an opulent altar of Gozag.
  4974 | D:5      | Entered Level 5 of the Dungeon
  5067 | D:5      | Found a transporter.
  5093 | D:5      | Your scales start taking on a lurid green colour.
  5093 | D:5      | Reached XP level 7. HP: 50/57 MP: 10/10
  5093 | D:5      | Gained mutation: Your system is resistant to poisons. (rPois) [Green Draconian growth]
  5390 | D:5      | Noticed Sigmund
  5416 | D:5      | Reached skill level 5 in Unarmed Combat
  5434 | D:5      | Killed Sigmund
  5434 | D:5      | Reached skill level 1 in Poison Magic
  5704 | D:5      | Reached skill level 5 in Axes
  5704 | D:5      | Reached XP level 8. HP: 24/64 MP: 11/11
  5981 | D:5      | Found a transporter.
  5991 | D:5      | Noticed a tengu warrior
  6331 | D:5      | Found a radiant altar of Vehumet.
  6333 | D:5      | Found a blossoming altar of Fedhas.
  6335 | D:5      | Noticed a gargoyle
  6447 | D:6      | Found a sparkling altar of Nemelex Xobeh.
  6753 | D:6      | Got an ancient hand axe {venom}
  6754 | D:6      | Identified the cursed +1 hand axe of Anxiety {venom, SInv} (You took it off a gnoll on level 6 of the Dungeon)
  7983 | D:7      | Reached XP level 9. HP: 50/73 MP: 13/13
  8494 | D:7      | Noticed Duvessa
  8495 | D:7      | Noticed Dowan
  8505 | D:7      | Killed Duvessa
  8505 | D:7      | Reached skill level 5 in Fighting
  8505 | D:7      | Reached skill level 5 in Transmutations
  8510 | D:7      | Killed Dowan
  8769 | D:7      | Found a staircase to the Ecumenical Temple.
  8814 | Temple   | Entered the Ecumenical Temple
  8910 | Temple   | Became a worshipper of Qazlal Stormbringer
  9186 | D:7      | Reached skill level 1 in Invocations
  9256 | D:7      | Found a bloodstained altar of Trog.
  9256 | D:7      | Found a hazy altar of Hepliaklqana.
  9309 | D:7      | Noticed Pikel
  9320 | D:7      | Killed Pikel
  9617 | D:7      | Found a shimmering altar of Xom.
  9840 | D:8      | Found Rybiewku's Book Boutique.
  9846 | D:8      | Noticed a death yak
  9853 | D:8      | Noticed a death yak
 10153 | D:8      | Noticed a death yak
 10673 | D:8      | Found a hide-covered altar of Uskayaw.
 11289 | D:8      | Mangled by a death yak

Skill      XL: |  1  2  3  4  5  6  7  8  9 |
---------------+----------------------------+-----
Unarmed Combat | 4 5 6 7 |  7.0
Axes           | 1 2 3 4 5 6 7 |  7.3
Stealth        | 1 2 3 |  3.5
Fighting       | 2 3 4 6 |  6.2
Transmutations | 3 4 5 |  5.8
Poison Magic   | 1 |  1.2
Invocations    | 3 |  3.9
Spellcasting   | 3 |  3.7
Dodging        | |  1.7

Action                   |  1- 3 |  4- 6 |  7- 9 || total
-------------------------+-------+-------+-------++-------
Melee: Unarmed           |    22 |     6 |    22 ||    50
       Tailslap          |    13 |     9 |    60 ||    82
       Hand axe          |    93 |   193 |   412 ||   698
       Punch             |       |     3 |    11 ||    14
       Kick              |       |     3 |       ||     3
       Headbutt          |       |       |     5 ||     5
 Cast: Beastly Appendage |     2 |     4 |     2 ||     8
       Spider Form       |       |     2 |     4 ||     6
       Sticks to Snakes  |       |       |     1 ||     1
 Abil: Breathe Noxious F |       |       |     9 ||     9
  Use: Potion            |       |     1 |     3 ||     4
       Scroll            |       |       |    15 ||    15
 Stab: Sleeping          |     1 |     3 |     7 ||    11
       Distracted        |       |       |     2 ||     2
       Confused          |       |       |     8 ||     8
  Eat: Chunk             |     5 |     9 |     6 ||    20
       Ration            |       |       |     5 ||     5
Armor: Skin              |    32 |    62 |   119 ||   213
Dodge: Dodged            |    73 |   142 |   263 ||   478
